AoeStats
← samil.nergiz07

Black Forest

507947486Analyzed
2v2 RM · 12d ago on Sep 20, 2026· 54m 26s· 4 players
Game mode
Random Map
Map size
Medium (4 player)
Population
200
Speed
Normal
Resources
Standard
Victory
Conquest
Starting age
Dark Age
Ending age
Imperial Age
RankedLock teamsTeams togetherTeam positionsShared explorationLock speedFull tech treeHidden civsTurbo modeCheats
Victory
Defeat
🇧🇷 Bohemians · Brazil
791
+5
🇹🇷 Vikings · Türkiye
352
+19
🇨🇳 Wei · China
592
-17
🇩🇪 Dravidians · Germany
327
-7
Chencho
0:40 Loom
15:36 Feudal Age
16:20 Horse Collar
16:28 Town Watch
18:04 Double-Bit Axe
26:24 Gold Mining
28:46 Castle Age
29:58 Squires
29:20 Pikeman
30:09 Heavy Plow
30:24 Bow Saw
30:42 Stone Mining
45:41 Imperial Age
43:35 Crossbowman
44:40 Town Patrol
45:37 Fortified Wall
45:46 Masonry
45:59 Ballistics
46:19 Heated Shot
46:32 Halberdier
47:51 Onager
527552271
13:18 Feudal Age
16:08 Double-Bit Axe
16:09 Horse Collar
17:48 Wheelbarrow
25:46 Castle Age
23:50 Loom
27:49 Hand Cart
27:49 Husbandry
28:00 Bloodlines
juniornmlima
0:32 Loom
13:49 Feudal Age
18:35 Town Watch
23:02 Castle Age
23:13 Wheelbarrow
29:36 Fletching
29:47 Padded Archer Armor
39:08 Horse Collar
40:05 Double-Bit Axe
40:24 Heavy Plow
44:43 Bow Saw
46:29 Hand Cart
49:29 Imperial Age
48:23 Town Patrol
48:24 Bodkin Arrow
48:44 Leather Archer Armor
48:30 Scale Mail Armor
50:13 Leather Archer Armor
50:09 Forging
50:05 Scale Barding Armor
50:15 Chain Mail Armor
50:59 Conscription
52:11 Chemistry
51:31 Ballistics
50:53 Treadmill Crane
51:24 Fortified Wall
51:25 Masonry
52:22 Elite Hussite Wagon
53:08 Wagenburg Tactics
53:28 Bracer
samil.nergiz07
15:06 Feudal Age
15:36 Double-Bit Axe
16:19 Horse Collar
28:20 Castle Age
29:27 Caravan
29:14 Light Cavalry
30:35 Crossbowman
34:41 Scale Barding Armor
34:37 Padded Archer Armor
34:37 Scale Mail Armor
34:48 Forging
34:29 Fletching
36:46 Chieftains
39:56 Bow Saw
39:54 Heavy Plow
43:30 Ballistics
45:46 Imperial Age
44:02 Gold Mining
44:06 Stone Mining
46:41 Arbalester
46:44 Cavalier
46:49 Capped Ram
48:11 Conscription
47:22 Sappers
47:55 Bogsveigar
49:25 Chemistry
Connection lost

Rejoining the realm…

Still unreachable

The connection could not be restored.

Session expired

The server has moved on; the page needs a fresh start.